 Dungeon Sprint DCSS version 0.30-a0-737-gf23d94013f (webtiles) character file.

Game seed: 1943996474707523722

3611 sircluck the Grappler (level 9, -4/98 HPs)
             Began as a Troll Fighter on Feb 2, 2023.
             Splashed by a jelly's acid (6 damage)
             ... while paralysed by a floating eye
             ... in the Dungeon (Sprint I: "Red Sonja").
             The game lasted 00:04:34 (794 turns).

sircluck the Grappler (Troll Fighter)                Turns: 794, Time: 00:04:35

Health: -4/98      AC: -8    Str: 30    XL:     9   Next: 86%
Magic:  8/8        EV:  1    Int:  4    God:
Gold:   630        SH:  0    Dex:  9    Spells: 8/8 levels left

rFire   . . .      SeeInvis .      - Unarmed
rCold   . . .      Faith    .    b - +0 kite shield
rNeg    . . .      Spirit   .    a - +0 robe
rPois   .          Reflect  .    (helmet restricted)
rElec   .          Harm     .    (no cloak)
rCorr   .          Rampage  .    (gloves unavailable)
Will    .....      NoTele   +    (boots unavailable)
Stlth   ++                       (no amulet)
HPRegen 1.16/turn                (no ring)
MPRegen 0.11/turn                (no ring)

@: paralysed, corroded
A: large, unfitting armour, claws 3, regeneration 1, shaggy fur 1, tough skin 1
a: no special abilities


You were in the Dungeon.
You visited 1 branch You collected 630 gold pieces.

Inventory:

Armour
 a - a +0 robe (worn)
 b - a +0 kite shield (worn)
 l - an orb of energy
Wands
 j - a wand of polymorph (8)
Scrolls
 i - a scroll of blinking
 m - a scroll of identify {unknown}
Potions
 c - a potion of might
 d - 2 potions of curing
 e - a potion of heal wounds
 f - a potion of haste
 g - 2 potions of magic
 h - a potion of berserk rage
 k - a potion of flight {unknown}


   Skills:
 + Level 9.3 Fighting
 + Level 10.6 Dodging
 + Level 2.6 Stealth
 + Level 10.0 Shields
 + Level 12.3 Unarmed Combat
 + Level 1.0 Evocations


You had 8 spell levels left.
You didn't know any spells.
Your spell library was empty.

Dungeon Overview and Level Annotations

Branches:
Dungeon (1/1)

Altars:
Cheibriados
Dithmenos
Elyvilon
Fedhas
Hepliaklqana
Kikubaaqudgha
Makhleb
Okawaru
Qazlal
Ru
Sif Muna
Trog
Uskayaw
Vehumet
Wu Jian
Xom
Yredelemnul
Zin
The Shining One
Jiyva
Lugonu

Shops:
D (


Innate Abilities, Weirdness & Mutations

You are too large for most types of armour.
You have claws for hands.
Your natural rate of healing is unusually fast.
You are covered in fur. (AC +1)
You have tough skin. (AC +1)


Message History

The floating eye turns its gaze towards you.
The floating eye seems to glare at you.
There is an open gate here.
The helpless jelly fails to defend itself.
You mangle the jelly!!
You kill the jelly!
The jelly quivers. x2
You scratch the jelly. The acid corrodes you!
Your claws burn!
The jelly is moderately wounded.
The jelly quivers. x2
You block the jelly's attack. The jelly hits you. The acid corrodes you!
You are splashed with acid.
You block the jelly's attack.
You scratch the jelly.
Your claws burn!
The jelly is moderately wounded.
You block the jelly's attack. The jelly hits you.
You are splashed with acid!
You block the jelly's attack.
You claw the jelly!
You kill the jelly!
The jelly barely misses you. x2; You block the jelly's attack.
You scratch the jelly.
Your claws burn!
The jelly is moderately wounded.
The floating eye gazes piercingly through you!
You suddenly lose the ability to move!
The jelly hits you.
You are splashed with acid!
The jelly hits you.
You are splashed with acid!
The jelly hits you.
You are splashed with acid!
The jelly hits you.
You are splashed with acid!
* * * LOW HITPOINT WARNING * * *
The jelly hits you.
* * * LOW HITPOINT WARNING * * *
You are splashed with acid!
* * * LOW HITPOINT WARNING * * *
The jelly barely misses you. The jelly hits you.
* * * LOW HITPOINT WARNING * * *
The acid corrodes you!
You are splashed with acid!
* * * LOW HITPOINT WARNING * * *
The floating eye seems to glare at you. The jelly hits you.
* * * LOW HITPOINT WARNING * * *
The acid corrodes you!
You are splashed with acid.
You die...

#⌠⌠#_.∩...÷..._#§§§§§#§§#
####_..__##_.#'##+#####'###
___ ##+#.# #.'.# # ###
###.# #.# ##########§#
#....§§§##†# #.J...§§.§§#
#@JG######.# #JJ......#.#
#J......#+.# .......~####
......~~# .....~~~##
..~~~~### +######+


You could see 5 jellies and a floating eye (charged).

Vanquished Creatures
  A centaur warrior (D)
  A faun (D)
  An oklob plant (D)
  2 unseen horrors (D)
  2 kobold demonologists (D)
  A hornet (D)
  A slime creature (D)
  Sigmund (D)
  A yak (D)
  2 redbacks (D)
  A floating eye (D)
  An ogre (D)
  3 jellies (D)
  Ijyb (D)
19 creatures vanquished.

Vanquished Creatures (others)
  A gargoyle (D)
1 creature vanquished.

Grand Total: 20 creatures vanquished

Notes
Turn   | Place    | Note
-------+----------+-------------------------------------------
     0 | D        | sircluck the Troll Fighter began the quest for the Orb.
     0 | D        | Reached XP level 1. HP: 22/22 MP: 0/0
     2 | D        | Noticed Ijyb
    14 | D        | Killed Ijyb
    15 | D        | Reached XP level 2. HP: 31/31 MP: 1/1
   143 | D        | Noticed an ogre
   147 | D        | Killed an ogre
   148 | D        | Reached skill level 5 in Shields
   148 | D        | Reached skill level 3 in Unarmed Combat
   148 | D        | Reached XP level 3. HP: 6/40 MP: 2/2
   148 | D        | Reached XP level 4. HP: 8/49 MP: 3/3
   152 | D        | Noticed Sigmund
   164 | D        | Killed Sigmund
   165 | D        | Reached skill level 4 in Unarmed Combat
   165 | D        | Reached XP level 5. HP: 19/59 MP: 4/4
   213 | D        | Found a burning altar of Makhleb.
   213 | D        | Found a viscous altar of Jiyva.
   213 | D        | Found a shimmering altar of Xom.
   213 | D        | Found a corrupted altar of Lugonu.
   213 | D        | Noticed a slime creature
   218 | D        | Killed a slime creature
   219 | D        | Reached skill level 5 in Unarmed Combat
   219 | D        | Reached XP level 6. HP: 33/68 MP: 5/5
   352 | D        | Found an ornate altar of the Wu Jian Council.
   352 | D        | Found a shimmering blue altar of Sif Muna.
   354 | D        | Found a radiant altar of Vehumet.
   359 | D        | Reached skill level 6 in Unarmed Combat
   389 | D        | Found Pebisemu's Antique Weapon Emporium.
   389 | D        | Found an ancient bone altar of Kikubaaqudgha.
   389 | D        | Found a hazy altar of Hepliaklqana.
   389 | D        | Found a stormy altar of Qazlal.
   389 | D        | Found a hide-covered altar of Uskayaw.
   389 | D        | Found a blossoming altar of Fedhas.
   389 | D        | Found a bloodstained altar of Trog.
   389 | D        | Found an iron altar of Okawaru.
   389 | D        | Found a basalt altar of Yredelemnul.
   389 | D        | Found a glowing golden altar of the Shining One.
   389 | D        | Found a snail-covered altar of Cheibriados.
   389 | D        | Found a sacrificial altar of Ru.
   389 | D        | Found a glowing silver altar of Zin.
   389 | D        | Found a shadowy altar of Dithmenos.
   389 | D        | Found a white marble altar of Elyvilon.
   389 | D        | Noticed a yak
   398 | D        | Killed a yak
   399 | D        | Reached XP level 7. HP: 40/78 MP: 6/6
   451 | D        | Noticed a centaur warrior
   451 | D        | Noticed a centaur warrior
   454 | D        | a centaur warrior changed into a faun
   454 | D        | Noticed a faun
   460 | D        | Killed a faun
   461 | D        | Reached skill level 7 in Unarmed Combat
   461 | D        | Reached XP level 8. HP: 88/88 MP: 7/7
   470 | D        | Killed a centaur warrior
   471 | D        | Reached skill level 1 in Stealth
   471 | D        | Reached skill level 9 in Unarmed Combat
   482 | D        | Noticed a hornet
   489 | D        | Killed a hornet
   508 | D        | Killed a gargoyle
   512 | D        | Noticed an oklob plant
   520 | D        | Killed an oklob plant
   521 | D        | Reached skill level 10 in Unarmed Combat
   521 | D        | Reached XP level 9. HP: 68/98 MP: 8/8
   547 | D        | Reached skill level 10 in Dodging
   629 | D        | Noticed a kobold demonologist
   629 | D        | Noticed a kobold demonologist
   630 | D        | Paralysed by a floating eye for 2 turns
   634 | D        | Paralysed by a floating eye for 3 turns
   637 | D        | Noticed a rust devil
   639 | D        | Noticed a soul eater
   639 | D        | Killed a kobold demonologist
   640 | D        | Reached skill level 11 in Unarmed Combat
   643 | D        | Paralysed by a floating eye for 3 turns
   658 | D        | Killed a kobold demonologist
   717 | D        | Killed an unseen horror
   718 | D        | Reached skill level 12 in Unarmed Combat
   718 | D        | Reached skill level 1 in Evocations
   735 | D        | Killed an unseen horror
   736 | D        | Reached skill level 10 in Shields
   793 | D        | Paralysed by a floating eye for 4 turns
   794 | D        | HP: 4/98 [acid (8)]
   794 | D        | Splashed by a jelly's acid

Illustrated notes

Levels and vault maps discovered:
D:        dungeon_sprint_1 [red_sonja_temple_1, red_sonja_temple_small_1]

Skill      XL: |  1  2  3  4  5  6  7  8  9 |
---------------+----------------------------+-----
Fighting       | 3 4 6 7 8 9 |  9.3
Dodging        | 3 4 6 7 8 9 10 | 10.6
Shields        | 3 5 6 7 8 9 10 | 10.0
Unarmed Combat | 3 4 5 6 7 10 12 | 12.3
Stealth        | 1 2 |  2.6
Evocations     | 1 |  1.0

Action                     |  1- 3 |  4- 6 |  7- 9 || total
---------------------------+-------+-------+-------++-------
  Melee: Unarmed           |    14 |    19 |    73 ||   106
  Evoke: Wand              |     1 |       |     1 ||     2
   Stab: Sleeping          |       |       |     3 ||     3
 Armour: Robe              |     2 |       |    23 ||    25
         Skin              |     1 |       |       ||     1
  Dodge: Dodged            |     2 |     8 |    22 ||    32
  Block: Kite shield       |     1 |     4 |    31 ||    36

Table legend: (Time is in decaauts)
 A = Elapsed time spent in this place.
 B = Non-inter-level travel time spent in this place.
 C = Inter-level travel time spent in this place.
 D = Time resting spent in this place.
 E = Time spent auto-exploring this place.
 F = Levels seen in this place.
 G = Mean time per level.
                   A        B        C        D        E       F      G
               +--------+--------+--------+--------+--------+-----+--------+
         Total |    791 |    755 |     36 |    372 |      0 |   1 |  791.0 |
       Dungeon |    791 |    755 |     36 |    372 |      0 |   1 |  791.0 |
               +--------+--------+--------+--------+--------+-----+--------+

Top non-repeatable levels by time:
       D: 791 daAuts
